AoeStats
← tjcameron2011

Hideout

509640277Analyzed
1v1 RM · 3d ago on Sep 27, 2026· 46m 59s· 2 players
Game mode
Random Map
Map size
Tiny (2 player)
Population
200
Speed
Normal
Resources
Standard
Victory
Conquest
Starting age
Dark Age
Ending age
Imperial Age
RankedLock teamsTeams togetherTeam positionsShared explorationLock speedFull tech treeHidden civsTurbo modeCheats
Victory
Defeat
🇺🇸 Cumans · United States
639
+10
🇧🇪 Teutons · Belgium
497
-10
da
12:07 Feudal Age
12:57 Double-Bit Axe
12:54 Horse Collar
14:30 Bloodlines
15:43 Forging
15:33 Scale Mail Armor
20:13 Scale Barding Armor
22:50 Castle Age
21:36 Gold Mining
21:36 Stone Mining
27:43 Stone Shaft Mining
28:02 Bow Saw
28:19 Heavy Plow
28:38 Town Watch
30:05 Iron Casting
31:32 Chain Mail Armor
35:32 Squires
34:52 Pikeman
36:36 Ballistics
36:17 Fletching
40:20 Wheelbarrow
43:08 Imperial Age
43:13 Elite Teutonic Knight
43:19 Capped Ram
45:03 Hand Cart
tjcameron2011
4:54 Loom
10:33 Feudal Age
12:01 Wheelbarrow
11:30 Double-Bit Axe
11:40 Horse Collar
12:11 Town Watch
13:03 Loom
13:22 Gold Mining
14:25 Stone Mining
18:11 Forging
24:20 Scale Mail Armor
24:26 Scale Barding Armor
25:00 Bloodlines
29:04 Fletching
29:14 Padded Archer Armor
34:31 Castle Age
35:03 Capped Ram
36:34 Gold Shaft Mining
36:20 Hand Cart
36:44 Steppe Husbandry
36:11 Light Cavalry
40:41 Imperial Age
40:09 Chain Barding Armor
40:25 Iron Casting
39:47 Bodkin Arrow
40:07 Leather Archer Armor
39:49 Capped Ram
40:46 Heavy Plow
40:59 Bow Saw
40:14 Elite Skirmisher
42:06 Plate Barding Armor
42:42 Two-Man Saw
43:20 Ballistics
42:57 Murder Holes
43:46 Crop Rotation
43:26 Thumb Ring
43:48 Parthian Tactics
44:05 Cavalier
46:19 Ring Archer Armor
46:05 Chain Mail Armor
46:44 Elite Kipchak
47:47 Conscription
46:49 Siege Ram
Connection lost

Rejoining the realm…

Still unreachable

The connection could not be restored.

Session expired

The server has moved on; the page needs a fresh start.